[Event "3rd FIDE WCCC Rapid U10 2019"]
[Site "Minsk"]
[Date "2019.08.16"]
[Round "1.1"]
[White "Samunenkov, Ihor"]
[Black "Sendi, David V"]
[Result "1-0"]
[ECO "D78"]
[WhiteElo "1964"]
[BlackElo "1159"]
[Annotator "NA"]
[PlyCount "131"]
[EventDate "2019.08.16"]
[EventType "swiss"]
[EventCountry "BLR"]
[SourceTitle "playchess.com"]
[Source "ChessBase"]
[SourceQuality "1"]
[TimeControl "600+5"]

1. d4 d5 2. Nf3 Nf6 3. g3 c6 4. c4 g6 5. Bg2 Bg7 6. O-O O-O 7. Nc3 Bf5 8. Nh4 Be6 9. c5 b6 10. cxb6 axb6 11. b3 Ne4 12. Bb2 Nxc3 13. Bxc3 c5 14. Nf3 Nc6 15. Qd2 cxd4 16. Nxd4 Nxd4 17. Bxd4 Rc8 18. Rfd1 Bxd4 19. Qxd4 Rc2 20. e4 Qc7 21. exd5 Bf5 22. g4 Bd7 23. d6 exd6 24. h3 Rc8 25. Qxd6 Qxd6 26. Rxd6 Bc6 27. Bxc6 R2xc6 28. Rd2 Rc2 29. Rad1 Kg7 30. Kg2 b5 31. Rxc2 Rxc2 32. Rd5 Rxa2 33. Rxb5 Rb2 34. Rb6 h6 35. Kg3 Kh7 36. Rb7 Kg7 37. f3 Kf6 38. Kf4 Ke6 39. Ke3 f5 40. Rb6+ Kf7 41. gxf5 gxf5 42. Kf4 Kg7 43. Kxf5 Kf7 44. Rb7+ Ke8 45. f4 Kf8 46. Kf6 Ke8 47. f5 Rh2 48. Rb8+ Kd7 49. Kg7 Rxh3 50. f6 Rg3+ 51. Kf8 h5 52. Rb4 Rg6 53. Kf7 Rg3 54. Rd4+ Kc8 55. b4 Rg5 56. Kf8 Rg6 57. f7 h4 58. Ke7 Rg7 59. Rxh4 Kb7 60. Kf6 Rxf7+ 61. Kxf7 Kc6 62. Ke6 Kb5 63. Kd5 Ka4 64. Kc4 Ka3 65. Rh2 Ka4 66. Ra2# 1-0

[Event "3rd FIDE WCCC Rapid U10 2019"]
[Site "Minsk"]
[Date "2019.08.16"]
[Round "1.2"]
[White "Emelchenkov, Ivan"]
[Black "Toktomushev, Teimur"]
[Result "1/2-1/2"]
[ECO "B31"]
[WhiteElo "1406"]
[BlackElo "1977"]
[Annotator "NA"]
[PlyCount "187"]
[EventDate "2019.08.16"]
[EventType "swiss"]
[EventCountry "BLR"]
[SourceTitle "playchess.com"]
[Source "ChessBase"]
[SourceQuality "1"]
[TimeControl "600+5"]

1. e4 c5 2. Nf3 Nc6 3. Bb5 g6 4. Bxc6 dxc6 5. d3 Bg7 6. h3 b6 7. a4 a5 8. O-O f6 9. Na3 e5 10. Nc4 Be6 11. Ne3 Nh6 12. b3 Nf7 13. Bb2 O-O 14. g4 Qc7 15. Kh1 Rae8 16. Rg1 Bc8 17. Qe2 Nd8 18. Rg3 Ne6 19. Rag1 Nf4 20. Qd1 Kh8 21. Qf1 Be6 22. g5 f5 23. exf5 Bxf5 24. Nxf5 Rxf5 25. Nh4 Rf7 26. Ng2 Kg8 27. Re3 Ref8 28. Rf3 Qd7 29. Kh2 Qd5 30. Qd1 Nxg2 31. Rxf7 Qxf7 32. Rxg2 Qf4+ 33. Kh1 Qf5 34. Qg4 Re8 35. Qxf5 gxf5 36. g6 h6 37. h4 e4 38. Bxg7 Kxg7 39. h5 exd3 40. cxd3 Re1+ 41. Rg1 Re5 42. Kg2 Rd5 43. Rd1 f4 44. Kf3 Rxh5 45. Kxf4 Kxg6 46. Re1 Rf5+ 47. Kg3 Kf6 48. Re8 Rd5 49. Re3 Rd4 50. Rf3+ Ke6 51. Re3+ Kf6 52. Rf3+ Kg6 53. Re3 Kf5 54. f3 Rb4 55. Re7 Rxb3 56. Rc7 Rxd3 57. Rxc6 Rb3 58. Rxh6 c4 59. Rc6 Rb4 60. Kf2 Rxa4 61. Rxb6 Rb4 62. Ra6 a4 63. Ke3 Rb3+ 64. Kd2 a3 65. Ra4 Rxf3 66. Rxc4 Rf1 67. Rc1 Rf2+ 68. Kc3 Ke4 69. Ra1 Rf3+ 70. Kb4 Kd5 71. Rxa3 Rf4+ 72. Kb3 Kc5 73. Ra5+ Kb6 74. Ra4 Rf3+ 75. Kb2 Kb5 76. Rh4 Rf2+ 77. Kc3 Kc5 78. Rh5+ Kd6 79. Kd3 Rf3+ 80. Ke2 Ra3 81. Kd2 Kc6 82. Kc2 Re3 83. Kd2 Re4 84. Kd3 Rg4 85. Kd2 Rg3 86. Kc2 Rf3 87. Kd2 Ra3 88. Kc2 Kd6 89. Kb2 Rf3 90. Kc2 Ke6 91. Kd2 Kf6 92. Ke2 Ra3 93. Kd2 Kg6 94. Rb5 1/2-1/2

[Event "3rd FIDE WCCC Rapid U10 2019"]
[Site "Minsk"]
[Date "2019.08.16"]
[Round "1.3"]
[White "Zverev, Lev"]
[Black "Haurushyn, Stsiapan"]
[Result "1-0"]
[ECO "C15"]
[WhiteElo "1881"]
[BlackElo "1086"]
[Annotator "NA"]
[PlyCount "43"]
[EventDate "2019.08.16"]
[EventType "swiss"]
[EventCountry "BLR"]
[SourceTitle "playchess.com"]
[Source "ChessBase"]
[SourceQuality "1"]
[TimeControl "600+5"]

1. e4 e6 2. d4 d5 3. Nc3 Bb4 4. a3 Bxc3+ 5. bxc3 dxe4 6. Qg4 Qf6 7. Qxe4 Ne7 8. Bd3 Ng6 9. Nf3 O-O 10. h4 Re8 11. h5 Nf8 12. h6 Ng6 13. Ne5 c6 14. Rh5 Nd7 15. Bg5 Qf5 16. Qe3 Ndxe5 17. Bxf5 exf5 18. Kf1 f6 19. Bf4 Nxf4 20. Qxf4 Ng6 21. Qc7 Be6 22. Qxg7# 1-0

[Event "3rd FIDE WCCC Rapid U10 2019"]
[Site "Minsk"]
[Date "2019.08.16"]
[Round "1.4"]
[White "Vodnik, Val"]
[Black "Zimin, Artur"]
[Result "0-1"]
[ECO "E73"]
[WhiteElo "1158"]
[BlackElo "1672"]
[Annotator "NA"]
[PlyCount "54"]
[EventDate "2019.08.16"]
[EventType "swiss"]
[EventCountry "BLR"]
[SourceTitle "playchess.com"]
[Source "ChessBase"]
[SourceQuality "1"]
[TimeControl "600+5"]

1. d4 Nf6 2. c4 d6 3. Nc3 g6 4. e4 Bg7 5. Be2 O-O 6. Be3 Nfd7 7. g4 Nc6 8. f3 e5 9. d5 Ne7 10. Nh3 f5 11. Qd2 Nf6 12. gxf5 gxf5 13. Bh6 f4 14. Bxg7 Kxg7 15. Rg1+ Kh8 16. Nf2 Bd7 17. O-O-O Qe8 18. Bd3 Qh5 19. Be2 Rg8 20. Rh1 Rg2 21. Nd3 b6 22. h4 Rag8 23. Qe1 Ng6 24. Bf1 Rg3 25. Ne2 Rxf3 26. Bg2 Re3 27. Qf1 Qxe2 0-1

[Event "3rd FIDE WCCC Rapid U10 2019"]
[Site "Minsk"]
[Date "2019.08.16"]
[Round "1.5"]
[White "Vetokhin, Savva"]
[Black "Karis, Fredi"]
[Result "1-0"]
[ECO "C40"]
[WhiteElo "2016"]
[BlackElo "1063"]
[Annotator "NA"]
[PlyCount "43"]
[EventDate "2019.08.16"]
[EventType "swiss"]
[EventCountry "BLR"]
[SourceTitle "playchess.com"]
[Source "ChessBase"]
[SourceQuality "1"]
[TimeControl "600+5"]

1. e4 e5 2. Nf3 d5 3. exd5 e4 4. Qe2 Qe7 5. Nd4 Nf6 6. Nc3 Bg4 7. Qb5+ Nbd7 8. Qxb7 Rb8 9. Qxc7 g6 10. Nc6 Qc5 11. b4 Qb6 12. Qxb6 Rxb6 13. h3 Be6 14. dxe6 Rxc6 15. exd7+ Kxd7 16. Bb5 Kc7 17. Bxc6 Kxc6 18. Bb2 Bg7 19. b5+ Kd6 20. O-O Re8 21. Rfe1 Bh8 22. d3 1-0

[Event "3rd FIDE WCCC Rapid U10 2019"]
[Site "Minsk"]
[Date "2019.08.16"]
[Round "2.1"]
[White "Rudnev, Andrei"]
[Black "Samunenkov, Ihor"]
[Result "0-1"]
[ECO "B26"]
[WhiteElo "1607"]
[BlackElo "1964"]
[Annotator "NA"]
[PlyCount "92"]
[EventDate "2019.08.16"]
[EventType "swiss"]
[EventCountry "BLR"]
[SourceTitle "playchess.com"]
[Source "ChessBase"]
[SourceQuality "1"]
[TimeControl "600+5"]

1. e4 c5 2. Nc3 Nc6 3. g3 g6 4. Bg2 Bg7 5. d3 d6 6. Be3 e5 7. Qd2 Nd4 8. Nce2 {[%emt 0:00:11] B26: Closed Sicilian: 3 g3, lines with early Be3} (8. Nd5 h6 9. c3 Nc6 10. Ne2 Nge7 11. O-O Nxd5 12. exd5 Ne7 13. f4 exf4 14. Bxf4 g5 15. Be3 O-O 16. d4 {0-1 (70) Short,N (2678)-Mamedov,R (2709) Riadh 2017}) 8... Ne7 9. c3 Ndc6 10. Bh6 O-O 11. h4 f6 12. Bxg7 Kxg7 13. f4 $146 ({Predecessor:} 13. h5 g5 14. c4 Be6 15. f3 a6 {0-1 (35) Davy,B (1843)-Stany,G (2385) Sautron 2015}) 13... Bg4 14. Bf3 Qd7 15. h5 Ng8 16. Bxg4 Qxg4 17. Rh4 Qd7 18. Nf3 d5 19. Qe3 d4 20. cxd4 cxd4 21. Qd2 Rac8 $16 22. hxg6 hxg6 23. Kf2 Nge7 24. Rah1 Kf7 25. Rh7+ Ke6 26. fxe5 fxe5 27. Qg5 Kd6 28. R1h6 Qe6 29. Kg2 Qf6 30. Qg4 Qe6 31. Qg5 Rf6 32. Rg7 Rcf8 33. Neg1 Qxa2 34. Kh1 Qxb2 35. Nh4 Qf2 36. Nf5+ Nxf5 37. exf5 Qxf5 38. Qd2 g5 39. Rhh7 R8f7 40. Rxf7 Rxf7 41. Rh5 Rg7 42. Kg2 Qg6 43. Rh8 Rf7 44. Qe2 Nb4 45. Nf3 Nxd3 46. Nd2 Rf2+ 0-1

[Event "3rd FIDE WCCC Rapid U10 2019"]
[Site "Minsk"]
[Date "2019.08.16"]
[Round "2.2"]
[White "Artyushin, Vladislav"]
[Black "Zverev, Lev"]
[Result "0-1"]
[ECO "D30"]
[WhiteElo "1262"]
[BlackElo "1881"]
[Annotator "NA"]
[PlyCount "55"]
[EventDate "2019.08.16"]
[EventType "swiss"]
[EventCountry "BLR"]
[SourceTitle "playchess.com"]
[Source "ChessBase"]
[SourceQuality "1"]
[TimeControl "600+5"]

1. d4 d5 2. c4 e6 3. Nf3 c6 4. Qc2 Nf6 5. g3 Be7 6. Bg2 O-O 7. O-O b6 8. Nbd2 Bb7 9. e4 Na6 10. a3 c5 11. Rd1 (11. cxd5 $11 {remains equal.} exd5 12. e5) 11... dxe4 12. Ng5 cxd4 13. Ndxe4 Nxe4 14. Bxe4 Bxe4 15. Nxe4 e5 16. b4 Rc8 17. Bb2 f5 18. Nd2 e4 $17 19. Nf1 d3 20. Qc1 Bg5 21. Ne3 f4 22. gxf4 Bxf4 23. Qc3 Rf7 24. Ng2 Bb8 25. Re1 Qc7 26. f4 exf3 27. Nf4 Qxf4 28. Kf2 0-1

[Event "3rd FIDE WCCC Rapid U10 2019"]
[Site "Minsk"]
[Date "2019.08.16"]
[Round "2.3"]
[White "Zimin, Artur"]
[Black "Frolov, Maxim"]
[Result "0-1"]
[ECO "D01"]
[WhiteElo "1672"]
[BlackElo "1379"]
[Annotator "NA"]
[PlyCount "112"]
[EventDate "2019.08.16"]
[EventType "swiss"]
[EventCountry "BLR"]
[SourceTitle "playchess.com"]
[Source "ChessBase"]
[SourceQuality "1"]
[TimeControl "600+5"]

1. d4 Nf6 2. Nc3 d5 3. Bg5 c6 4. Bxf6 exf6 5. e4 dxe4 6. Nxe4 Bf5 7. Ng3 Bg6 8. Nf3 Bd6 9. Bd3 Bxd3 10. Qxd3 O-O 11. O-O-O Nd7 12. Nf5 Bf4+ 13. Kb1 Nb6 14. g3 Bc7 15. h4 Qd7 16. h5 Nd5 17. Ne3 Nxe3 18. Qxe3 Rfe8 19. Qd3 Rad8 20. Rde1 Bb6 21. h6 g6 22. c3 Rxe1+ 23. Rxe1 Re8 24. Qd2 Rxe1+ 25. Qxe1 Qe6 26. Kc2 Kf8 27. Qxe6 fxe6 28. b4 Ke7 29. Kd3 Bc7 30. Ke4 a5 31. a3 axb4 32. axb4 b5 33. Nh4 g5 34. Nf3 f5+ 35. Kd3 Kf6 36. Nd2 g4 37. Nb3 Bb6 38. Na5 e5 39. Nxc6 exd4 40. cxd4 Ke6 41. Ne5 Kd5 42. Nf7 Bxd4 43. Ng5 Bxf2 44. Nxh7 Bd4 45. Nf8 f4 46. Ke2 fxg3 47. Kf1 Ke4 48. Ne6 Bh8 49. Kg2 Kf5 50. Nc7 Kg6 51. Kxg3 Be5+ 52. Kxg4 Bxc7 53. h7 Kxh7 54. Kf5 Bd6 55. Ke4 Bxb4 56. Kd5 Bf8 0-1

[Event "3rd FIDE WCCC Rapid U10 2019"]
[Site "Minsk"]
[Date "2019.08.16"]
[Round "2.4"]
[White "Bachaliashvili, Eduard"]
[Black "Vetokhin, Savva"]
[Result "0-1"]
[ECO "B20"]
[WhiteElo "1457"]
[BlackElo "2016"]
[Annotator "NA"]
[PlyCount "77"]
[EventDate "2019.08.16"]
[EventType "swiss"]
[EventCountry "BLR"]
[SourceTitle "playchess.com"]
[Source "ChessBase"]
[SourceQuality "1"]
[TimeControl "600+5"]

1. e4 c5 2. c4 Nc6 3. Nc3 g6 4. g3 Bg7 5. Bg2 d6 6. h3 {[%emt 0:00:05] A36: Symmetrical English vs ...g6: 4 Bg2 Bg7} (6. d3 e6 7. Nge2 Nge7 8. O-O O-O 9. Rb1 b6 10. a3 Bb7 11. b4 Qd7 12. Bg5 h6 13. Be3 Nd4 14. f4 f5 15. Qd2 Kh7 16. Rbe1 Rae8 17. Bf2 Nec6 18. b5 Nxe2+ 19. Nxe2 Nd4 20. Nxd4 cxd4 21. exf5 gxf5 22. Bxb7 Qxb7 {0-1 (30) Dominguez Perez,L (2732)-Wojtaszek,R (2727) Huaian 2016}) 6... e6 7. Nge2 Nge7 8. O-O O-O 9. f4 Nd4 10. d3 Nec6 11. Rb1 a6 12. a3 $146 ({Predecessor:} 12. Be3 Rb8 13. Qd2 {½-½ (76) Urbanc,S (1662)-Trplan,F (1368) Kozje 2015}) 12... b5 13. b4 bxc4 14. dxc4 Rb8 15. b5 (15. Be3 $15) 15... axb5 16. Nxb5 Nxe2+ 17. Qxe2 Nd4 18. Qd3 Ba6 19. a4 Qa5 $15 20. Bb2 e5 21. f5 Bh6 22. Bc3 Qd8 23. Bd2 Bg7 24. h4 Bf6 25. Bh6 Re8 26. Qd2 Ra8 27. Bg5 Bxb5 28. axb5 Bxg5 29. hxg5 Ra3 30. Kh2 Qa8 31. Rb2 Qa4 32. Rc1 Nb3 33. Qxd6 Nxc1 34. fxg6 hxg6 35. Rd2 Qxc4 36. Qd7 Qe6 37. Qc7 Rc8 38. Qb7 Qg4 39. Rf2 0-1

[Event "3rd FIDE WCCC Rapid U10 2019"]
[Site "Minsk"]
[Date "2019.08.16"]
[Round "2.5"]
[White "Vershinin, Igor"]
[Black "Basiev, Georgiy"]
[Result "1-0"]
[ECO "A00"]
[WhiteElo "2188"]
[BlackElo "1352"]
[Annotator "ChessBase"]
[PlyCount "139"]
[EventDate "2019.08.16"]
[EventType "swiss"]
[EventCountry "BLR"]
[SourceTitle "playchess.com"]
[Source "ChessBase"]
[SourceQuality "1"]
[TimeControl "600+5"]

1. a3 g6 2. d4 Bg7 3. c3 Nf6 4. Nd2 d6 5. e4 Nbd7 6. Bd3 O-O 7. Ngf3 e5 8. O-O Re8 9. Re1 c6 10. Nf1 Nf8 11. Qc2 Bg4 12. N1d2 Nh5 13. h3 Bd7 14. Nf1 Ne6 15. dxe5 dxe5 16. Bc4 h6 17. Be3 Qe7 18. Rad1 Nhf4 19. Bxe6 Bxe6 20. Bxf4 exf4 21. Nd4 Bc4 22. Nd2 Be6 23. Nxe6 Qxe6 24. Nf3 c5 25. e5 Rad8 26. Rxd8 Rxd8 27. Qe4 Qb3 28. Qxf4 Qxb2 29. e6 fxe6 30. Rxe6 Qxc3 31. Rxg6 Kh8 32. Rxh6+ Bxh6 33. Qxh6+ Kg8 34. Qg5+ Kf7 35. Qxd8 Qc1+ 36. Kh2 Qf4+ 37. g3 Qxf3 38. Qc7+ Kf8 39. Qxc5+ Kf7 40. Qxa7 Kg6 41. Qe3 Qc6 42. h4 Kh7 43. Qe7+ Kg6 44. Qg5+ Kh7 45. h5 Qc2 46. Qg6+ Qxg6 47. hxg6+ Kxg6 48. f4 Kf5 49. Kh3 b5 50. Kh4 Ke4 51. g4 Kd4 52. g5 Kc3 53. g6 Kb3 54. g7 Kxa3 55. g8=Q b4 56. Qc4 b3 57. f5 b2 58. Qc3+ Ka2 59. Qxb2+ Kxb2 60. f6 Kc3 61. f7 Kd4 62. f8=Q Ke4 63. Qd6 Kf5 64. Kg3 Ke4 65. Qd2 Kf5 66. Qe3 Kf6 67. Qe4 Kg5 68. Qe6 Kh5 69. Kf4 Kh4 70. Qh6# 1-0

[Event "3rd FIDE WCCC Rapid U10 2019"]
[Site "Minsk"]
[Date "2019.08.16"]
[Round "2.6"]
[White "Sitnikov, Arseni"]
[Black "Koshulyan, Egor A."]
[Result "0-1"]
[ECO "B34"]
[WhiteElo "1184"]
[BlackElo "1872"]
[Annotator "NA"]
[PlyCount "32"]
[EventDate "2019.08.16"]
[EventType "swiss"]
[EventCountry "BLR"]
[SourceTitle "playchess.com"]
[Source "ChessBase"]
[SourceQuality "1"]
[TimeControl "600+5"]

1. e4 c5 2. Nf3 Nc6 3. d4 cxd4 4. Nxd4 Nf6 5. Nc3 e5 6. Nf5 d5 7. exd5 Bxf5 8. dxc6 bxc6 9. Qf3 Qd7 10. Bd3 e4 11. Nxe4 Bxe4 12. Bxe4 Qe6 13. O-O Nxe4 14. Re1 f5 15. Qe2 Bc5 16. Be3 Be7 0-1

[Event "3rd FIDE WCCC Rapid U10 2019"]
[Site "Minsk"]
[Date "2019.08.16"]
[Round "3.1"]
[White "Samunenkov, Ihor"]
[Black "Agkatsev, Albert A"]
[Result "1/2-1/2"]
[ECO "A05"]
[WhiteElo "1964"]
[BlackElo "1573"]
[Annotator "NA"]
[PlyCount "91"]
[EventDate "2019.08.16"]
[EventType "swiss"]
[EventCountry "BLR"]
[SourceTitle "playchess.com"]
[Source "ChessBase"]
[SourceQuality "1"]
[TimeControl "600+5"]

1. Nf3 Nf6 2. d4 d5 3. g3 Bf5 4. c4 e6 5. Nc3 Bb4 (5... Nc6 $11 6. Bg2 Bb4) 6. Qa4+ Nc6 7. Ne5 Bxc3+ 8. bxc3 O-O 9. Nxc6 bxc6 10. Qxc6 Ne4 11. Ba3 Re8 12. Rc1 Qg5 13. e3 Qh5 14. Bg2 Ng5 15. f4 Nf3+ 16. Kf2 Nd2 17. cxd5 (17. Qa4 $17 {is a better defense.}) 17... exd5 $15 (17... Be4 $19 18. Qa4 Bxg2 19. Kxg2 Qxd5+ 20. Kh3 e5) 18. Qxd5 Rad8 19. Qb5 Qg6 20. Qe2 Ne4+ 21. Bxe4 Rxe4 22. Rhe1 Rde8 23. Kg1 Bg4 24. Qf2 Qe6 25. Bc5 f5 26. Rb1 a6 27. Rbc1 Rxe3 28. Rxe3 Qxe3 29. Qxe3 Rxe3 30. Rc2 Re1+ 31. Kg2 Re2+ 32. Rxe2 Bxe2 33. d5 Bc4 34. d6 cxd6 35. Bxd6 Bxa2 36. Kf3 Kf7 37. Ke3 Ke6 38. Be5 g6 39. Kd4 Kd7 40. Kc5 h5 41. h4 a5 42. c4 a4 43. Kb5 a3 44. Bd4 Bb1 45. c5 Be4 46. Kb6 1/2-1/2

[Event "3rd FIDE WCCC Rapid U10 2019"]
[Site "Minsk"]
[Date "2019.08.16"]
[Round "3.2"]
[White "Zverev, Lev"]
[Black "Korsakov, Egor"]
[Result "1-0"]
[ECO "C62"]
[WhiteElo "1881"]
[BlackElo "1288"]
[Annotator "NA"]
[PlyCount "103"]
[EventDate "2019.08.16"]
[EventType "swiss"]
[EventCountry "BLR"]
[SourceTitle "playchess.com"]
[Source "ChessBase"]
[SourceQuality "1"]
[TimeControl "600+5"]

1. e4 e5 2. Nf3 Nc6 3. Bb5 d6 4. c3 Bd7 5. d3 Be7 6. Nbd2 {[%emt 0:00:03] C62: Ruy Lopez: Steinitz Defence} a6 7. Ba4 Nf6 8. O-O O-O 9. h3 h6 10. Re1 Re8 11. Nf1 Bf8 12. Ng3 (12. Bc2 Ne7 13. Nh4 g6 14. Qf3 Nc6 15. Ne3 Bg7 16. Bd2 Be6 17. Bb3 Bxb3 18. axb3 a5 19. Ng4 Nxg4 20. Qxg4 {1-0 (56) Movsesian,S (2721)-Carlsen,M (2802) Moscow 2010}) 12... Ne7 13. Bc2 Ng6 14. d4 exd4 $146 ({Predecessor:} 14... c5 15. d5 Nf4 16. a4 g6 17. a5 N6h5 18. Nxh5 Nxh5 {1-0 (44) Gopal,G (2572)-Ghader Pour,S (2248) Dubai 2012}) 15. cxd4 Bc6 16. d5 Bd7 17. Nd4 c6 18. dxc6 Bxc6 19. Nxc6 bxc6 20. Be3 Ne5 21. b3 d5 22. f4 Ng6 $16 23. e5 Nxe5 24. fxe5 Rxe5 25. Bf2 Rxe1+ 26. Qxe1 d4 27. Rd1 c5 28. b4 Qb6 29. bxc5 Bxc5 30. Ne4 Nxe4 31. Qxe4 d3 32. Qxa8+ Kh7 33. Bxd3+ g6 34. Qf3 Kg7 35. Rf1 Bxf2+ 36. Qxf2 Qe6 37. Qxf7+ Qxf7 38. Rxf7+ Kxf7 39. Bxa6 Ke6 40. Bc4+ Ke5 41. Kf2 Kd4 42. Bb3 g5 43. Kf3 h5 44. Bd1 g4+ 45. hxg4 hxg4+ 46. Kxg4 Ke5 47. a4 Kd6 48. Kf5 Kc5 49. g4 Kb6 50. g5 Ka6 51. g6 Kb6 52. g7 1-0

[Event "3rd FIDE WCCC Rapid U10 2019"]
[Site "Minsk"]
[Date "2019.08.16"]
[Round "3.3"]
[White "Vetokhin, Savva"]
[Black "Burak, Vyacheslav"]
[Result "1-0"]
[ECO "B90"]
[WhiteElo "2016"]
[BlackElo "1509"]
[Annotator "NA"]
[PlyCount "83"]
[EventDate "2019.08.16"]
[EventType "swiss"]
[EventCountry "BLR"]
[SourceTitle "playchess.com"]
[Source "ChessBase"]
[SourceQuality "1"]
[TimeControl "600+5"]

1. e4 c5 2. Nf3 d6 3. d4 cxd4 4. Nxd4 Nf6 5. Nc3 a6 6. Be3 e6 7. f3 b5 8. Qd2 Bb7 9. Be2 Nbd7 10. O-O Be7 11. Rad1 O-O 12. Qe1 $146 {[%emt 0:00:20] B84: Sicilian Scheveningen: 6 Be2 a6, lines without early Be3} ({Predecessor:} 12. Bd3 b4 13. Nce2 d5 14. Ng3 Ne5 15. Qe2 Qc7 16. Rc1 dxe4 17. Nxe4 Nd5 18. Bd2 Qb6 19. c3 Nxd3 20. Qxd3 e5 21. Be3 Nxe3 22. Qxe3 exd4 {0-1 (22) Gockner,M (1954)-Sandhoefner,F (2307) Vienna 2013}) 12... Ne5 13. Qg3 b4 14. Nb1 Rc8 15. c3 a5 16. cxb4 axb4 17. Nd2 Kh8 18. Rc1 Qa5 19. Ra1 Ba6 20. N2b3 Qa4 21. Bxa6 Qxa6 22. Qf2 d5 23. Bf4 Bd6 24. Qg3 Nh5 25. Qh4 Nxf4 26. Qxf4 Nc4 27. Qg5 dxe4 28. fxe4 Nxb2 29. e5 Rc5 30. Nxc5 $11 Bxc5 31. Qd2 Qb6 32. Rf4 Rd8 33. Kh1 Bxd4 34. Rxf7 Bxe5 35. Qg5 Qd6 36. Raf1 Rg8 37. h4 Nc4 38. h5 Nd2 39. Rd1 Bc3 40. h6 Qd8 41. hxg7+ Rxg7 42. Qxd8+ 1-0

[Event "3rd FIDE WCCC Rapid U10 2019"]
[Site "Minsk"]
[Date "2019.08.16"]
[Round "3.5"]
[White "Koshulyan, Egor A."]
[Black "Nikulin, Aleksandr N."]
[Result "1-0"]
[ECO "B02"]
[WhiteElo "1872"]
[BlackElo "1285"]
[Annotator "NA"]
[PlyCount "105"]
[EventDate "2019.08.16"]
[EventType "swiss"]
[EventCountry "BLR"]
[SourceTitle "playchess.com"]
[Source "ChessBase"]
[SourceQuality "1"]
[TimeControl "600+5"]

1. e4 Nf6 2. e5 Nd5 3. Nc3 Nb6 4. d4 d6 5. Nf3 Bg4 6. Bd3 Nc6 7. Bb5 a6 8. Bxc6+ bxc6 9. Qe2 g6 10. Qe4 Bxf3 11. Qxf3 Qd7 12. O-O Bg7 13. Re1 O-O 14. Bf4 Rad8 $14 15. Bg3 Nc4 16. b3 Na3 17. Qe4 dxe5 18. dxe5 Qd2 19. Qxc6 Qxc2 20. Rac1 Qf5 21. Na4 Bh6 22. Rcd1 Qg4 23. f3 Qb4 24. Qxc7 Be3+ 25. Kh1 Nb5 26. Qxd8 Rxd8 27. Rxd8+ Kg7 28. Rxe3 Nc7 29. Re1 Ne6 30. Rdd1 Qa3 31. Re2 Qb4 32. Be1 Qb5 33. Nc3 Qb7 34. Bg3 Qc7 35. Ne4 Qb7 36. Rc2 Qb5 37. h3 h5 38. Rb2 Qc6 39. Rbd2 Qb5 40. Nc3 Qc5 41. Nd5 Nd8 42. Nxe7 Qxe7 43. Rxd8 Qa3 44. R8d2 Qb4 45. Rd4 Qa3 46. Bh4 Qxa2 47. Bf6+ Kh6 48. Rd8 g5 49. Rg8 Qxb3 50. Rdd8 Qe3 51. Rg7 Qc1+ 52. Kh2 Qf4+ 53. g3 1-0

[Event "3rd FIDE WCCC Rapid U10 2019"]
[Site "Minsk"]
[Date "2019.08.16"]
[Round "3.6"]
[White "Shidlovskij, Artem"]
[Black "Krasnoperov, Platon"]
[Result "1/2-1/2"]
[ECO "D31"]
[WhiteElo "1668"]
[BlackElo "1471"]
[Annotator "NA"]
[PlyCount "175"]
[EventDate "2019.08.16"]
[EventType "swiss"]
[EventCountry "BLR"]
[SourceTitle "playchess.com"]
[Source "ChessBase"]
[SourceQuality "1"]
[TimeControl "600+5"]

1. d4 d5 2. c4 e6 3. Nf3 c6 4. Nc3 dxc4 5. a4 Bb4 6. e4 b5 7. Bd2 Bxc3 8. Bxc3 Nf6 9. Qc2 O-O 10. Be2 a6 11. O-O Bb7 12. e5 Nd5 13. Bd2 Nd7 14. Ng5 g6 15. Ne4 c5 16. Nd6 Qc7 17. axb5 cxd4 18. Qxc4 Rab8 19. Qxc7 Nxc7 20. bxa6 Bd5 21. b4 Nxe5 22. Rfc1 Na8 23. Bf4 f6 24. Bxe5 fxe5 25. Rcb1 Rfd8 26. Nc4 e4 27. Ne5 d3 28. Bd1 Kg7 29. f3 Rb6 30. fxe4 Bxe4 31. Nc4 Rbb8 32. Bf3 Bxf3 33. gxf3 Rbc8 34. Ne5 Kf6 35. Ng4+ Kf5 36. b5 Nb6 37. Ne3+ Kf4 38. Kf2 e5 39. Rb4+ Rd4 40. Ng2+ Kf5 41. Ne3+ Ke6 42. Rxd4 exd4 43. Ng2 Rc2+ 44. Kf1 Rb2 45. Nf4+ Kd6 46. Nxd3 Rxb5 47. a7 Na8 48. Ra6+ Rb6 49. Ra4 Kd5 50. Ra5+ Kc4 51. Ne5+ Kc3 52. Ra3+ Kb2 53. Rd3 Rb7 54. Rxd4 Rxa7 55. Kg2 Nc7 56. Rd7 Kc3 57. Rxh7 Ra2+ 58. Kg3 Ne6 59. Nxg6 Kd4 60. Rd7+ Kc5 61. h4 Ra1 62. Rd2 Ng7 63. Rg2 Ra6 64. Kf4 Rf6+ 65. Ke4 Nh5 66. Rg5+ Kd6 67. Rxh5 Rxg6 68. f4 Rg8 69. f5 Ke7 70. Kf4 Rg1 71. Rg5 Rf1+ 72. Kg4 Kf6 73. Rg6+ Kf7 74. h5 Rg1+ 75. Kf4 Rh1 76. h6 Rf1+ 77. Ke4 Re1+ 78. Kd3 Rf1 79. Rg5 Rh1 80. Rg6 Rf1 81. Ke4 Re1+ 82. Kd3 Rf1 83. Rg5 Rh1 84. h7 Rxh7 85. Ke4 Rh4+ 86. Ke5 Rh1 87. Rg4 Re1+ 88. Re4 1/2-1/2

[Event "3rd FIDE WCCC Rapid U10 2019"]
[Site "Minsk"]
[Date "2019.08.16"]
[Round "4.1"]
[White "Plotnikov, Boris"]
[Black "Zverev, Lev"]
[Result "0-1"]
[ECO "A06"]
[WhiteElo "1446"]
[BlackElo "1881"]
[Annotator "NA"]
[PlyCount "64"]
[EventDate "2019.08.16"]
[EventType "swiss"]
[EventCountry "BLR"]
[SourceTitle "playchess.com"]
[Source "ChessBase"]
[SourceQuality "1"]
[TimeControl "600+5"]

1. Nf3 d5 2. g3 e6 3. Bg2 Nf6 4. O-O Bd6 5. c4 O-O 6. d3 b6 7. Nc3 Bb7 8. b3 c5 9. Bb2 Nbd7 10. Rc1 Rc8 11. Rc2 Qe7 12. Qa1 d4 13. Nd1 Ba8 14. e3 e5 15. Re1 Qd8 16. exd4 exd4 17. Rce2 Qc7 18. b4 Bxf3 19. Bxf3 Ne5 20. Rxe5 Bxe5 21. bxc5 bxc5 22. Qc1 h6 23. Ba3 Bd6 24. Qd2 Rb8 25. Nb2 Qb6 26. Na4 Qc7 27. Nb2 Nd7 28. Bd5 Rb6 29. Qa5 Qc8 30. Qd2 Qa6 31. Kg2 Qxa3 32. Nd1 Qb4 0-1

[Event "3rd FIDE WCCC Rapid U10 2019"]
[Site "Minsk"]
[Date "2019.08.16"]
[Round "4.2"]
[White "Yadegar, Radin"]
[Black "Vetokhin, Savva"]
[Result "0-1"]
[ECO "E46"]
[WhiteElo "1844"]
[BlackElo "2016"]
[Annotator "NA"]
[PlyCount "88"]
[EventDate "2019.08.16"]
[EventType "swiss"]
[EventCountry "BLR"]
[SourceTitle "playchess.com"]
[Source "ChessBase"]
[SourceQuality "1"]
[TimeControl "600+5"]

1. d4 Nf6 2. c4 e6 3. Nc3 Bb4 4. e3 O-O 5. Nge2 d5 6. a3 Bd6 7. c5 Be7 8. g3 c6 9. Bg2 Nbd7 10. O-O e5 11. b4 a5 12. b5 h5 13. Rb1 h4 14. bxc6 bxc6 15. Na4 Ba6 16. Re1 e4 17. Bd2 Bd3 18. Rb2 Qc7 19. Nf4 Bb5 20. Nc3 Bc4 21. Na4 Rab8 22. Qc2 g5 23. Nh3 Ng4 24. Qc3 Bb5 25. Nb6 Nxb6 26. cxb6 Qxb6 27. a4 Bb4 28. Qc2 Bd3 29. Qd1 f5 30. Bxb4 axb4 31. Nxg5 hxg3 32. hxg3 Rf6 33. Bh3 Rg6 34. Bxg4 Rxg5 35. Bh3 Qc7 36. Bf1 Bxf1 37. Rxf1 f4 38. exf4 Qxf4 39. Qc1 Qf6 40. Qc5 e3 41. Kg2 Rf8 42. Qc1 Qf3+ 43. Kg1 Rh5 44. Qxe3 Rh1# 0-1